 Dungeon Sprint DCSS version 0.28.0-53-g5a82cb258f (webtiles) character file.

Game seed: 4573577029747313437

1514 Revguard the Party-goer (level 8, -2/67 HPs)
             Began as a Demonspawn Gladiator on Aug 3, 2022.
             Was a Follower of Uskayaw.
             Slain by a yaktaur (4 damage)
             ... in the Dungeon (Sprint V: "Ziggurat Sprint").
             The game lasted 00:04:39 (528 turns).

Revguard the Party-goer (Demonspawn Gladiator)       Turns: 528, Time: 00:04:40

Health: -2/67      AC: 23    Str: 26    XL:     8   Next: 53%
Magic:  17/17      EV:  7    Int: 12    God:    Uskayaw [*.....]
Gold:   0          SH:  0    Dex: 15    Spells: 19/19 levels left

rFire   + . .      SeeInvis .   D - +5 sword of Power {vorpal}
rCold   + . .      Faith    .   (shield currently unavailable)
rNeg    . . .      Spirit   .   E - +5 gold dragon scales
rPois   +          Reflect  .   c - +0 helmet
rElec   .          Harm     .   (no cloak)
rCorr   .          Rampage  .   (no gloves)
Will    .....      NoTele   +   (no boots)
Stlth   ..........              (no amulet)
HPRegen 0.21/turn               y - +6 ring of strength
MPRegen 0.15/turn               z - +6 ring of strength

@: no status effects
A: hooves 2, icy blue scales 1, foul stench 1, spiny 1
a: Renounce Religion, Stomp


You were in the Dungeon.
You worshipped Uskayaw.
Uskayaw was aware of your devotion.
You visited 1 branch

Inventory:

Hand Weapons
 a - a +0 long sword
 D - the +5 sword of Power (weapon) {vorpal}
   (You found it in the Dungeon)

   It inflicts extra damage upon your enemies.
   It occasionally discharges a powerful but inaccurate bolt of energy upon
   striking a foe, with increased chance the greater the wielder's current
   health.
Missiles
 d - 2 throwing nets (quivered)
Armour
 b - a +0 leather armour
 c - a +0 helmet (worn)
 E - +5 gold dragon scales (worn)
Jewellery
 t - a ring of flight
 u - a +6 ring of dexterity
 v - a +6 ring of dexterity
 w - a +6 ring of intelligence
 x - a +6 ring of intelligence
 y - a +6 ring of strength (left hand)
 z - a +6 ring of strength (right hand)
 F - an amulet of reflection
Wands
 A - a wand of mindburst (7)
 B - a wand of iceblast (7)
 C - a wand of acid (7)
Scrolls
 j - 3 scrolls of blinking
 p - 4 scrolls of amnesia
 q - 7 scrolls of fog
 r - 5 scrolls of identify
 s - a scroll of fear
Potions
 e - 10 potions of curing
 f - 8 potions of heal wounds
 g - 5 potions of haste
 h - 7 potions of magic
 i - 3 potions of berserk rage
 k - 2 potions of brilliance
 l - a potion of invisibility
 m - 4 potions of resistance
 o - 5 potions of might
Miscellaneous
 n - a phial of floods


   Skills:
 + Level 7.3 Fighting
 + Level 7.0 Long Blades
 - Level 1.7 Throwing
 + Level 6.3 Armour
 + Level 7.0 Dodging
 + Level 6.4 Spellcasting
 + Level 5.8 Necromancy
 + Level 9.0 Invocations
 + Level 6.7 Evocations


You had 19 spell levels left.
You didn't know any spells.
Your spell library contained the following spells:

 Spells                   Type           Power      Damage    Failure   Level
 Magic Dart               Conj           12%        1d3       100%        1
 Cause Fear               Hex            1%         N/A       100%        4
 Alistair's Intoxication  Tmut/Pois      2%         N/A       100%        5
 Borgnjor's Vile Clutch   Necr/Erth      5%         N/A       100%        5
 Eringya's Noxious Bog    Tmut/Pois      1%         N/A       100%        6
 Dragon Form              Tmut           1%         N/A       100%        7
 Lehudib's Crystal Spear  Conj/Erth      1%         10d2      100%        8
 Chain Lightning          Conj/Air       1%         3d2       100%        9
 Dragon's Call            Summ           1%         N/A       100%        9


Dungeon Overview and Level Annotations

Branches:
Dungeon (1/1)

Altars:
Ashenzari
Cheibriados
Dithmenos
Elyvilon
Fedhas
Gozag
Hepliaklqana
Kikubaaqudgha
Makhleb
Nemelex Xobeh
Okawaru
Qazlal
Ru
Sif Muna
Trog
Uskayaw
Vehumet
Wu Jian
Xom
Yredelemnul
Zin
The Shining One
Beogh
Jiyva
Lugonu

Annotations:
D 1 transporter


Innate Abilities, Weirdness & Mutations

You have hoof-like feet.
You are partially covered in icy blue scales. (AC +2)
You may rarely emit foul miasma when damaged in melee.
You are partially covered in sharp spines.


Message History

You add the spells Alistair's Intoxication, Borgnjor's Vile Clutch and Eringya's Noxious Bog to your library.
You see here the +1 chain mail of Tortured Happiness {Str+2}.
You can no longer merge with and destroy a victim.
You see here a +4 vorpal long sword.
You see here a staff of fire.
There is a transporter here.
Welcome to arena 6.
You enter the transporter and appear at another place. 3 yaktaurs and 3 centaurs come into view.
The centaur shouts!
The yaktaur shouts!
The centaur shouts!
The yaktaur shouts! x2
The centaur shouts!
The yaktaur wields a +0 arbalest.
The yaktaur shoots a bolt.
The bolt hits you!
Found six items.
Found a transporter.
The centaur wields a +0 shortbow.
The centaur shoots an arrow.
The arrow hits you but does no damage.
The centaur wields a +0 shortbow.
The centaur shoots an arrow.
The arrow hits you but does no damage.
The centaur wields a +2 shortbow of freezing.
It is covered in frost.
The centaur shoots an arrow.
The arrow hits you but does no damage.
The centaur shoots an arrow.
The arrow hits you.
The yaktaur wields a +0 arbalest.
The yaktaur shoots a bolt.
The bolt hits you!
The centaur shoots an arrow.
The arrow hits you.
The centaur shoots an arrow.
The arrow hits you but does no damage.
The centaur shoots an arrow.
The arrow hits you but does no damage.
You can no longer pass through a line of other dancers.
Blink to where?
Press: ? - help, Dir - move target
As you read the scroll of blinking, it crumbles to dust.
The centaur shoots an arrow.
The arrow barely misses you.
The centaur shoots an arrow.
The arrow hits you.
The centaur unwields a +0 shortbow.
The centaur hits you but does no damage.
The centaur kicks you but does no damage.
The yaktaur hits you!
* * * LOW HITPOINT WARNING * * *
The yaktaur shoots a bolt.
The bolt hits you!
* * * LOW HITPOINT WARNING * * *
The yaktaur unwields a +0 arbalest.
The yaktaur hits you.
You die...

▓........▓..))....▓
▓.▓....▓.▓.▓....▓.▓
▓...©....▓...©....▓
▓▓▓▓▓▓▓▓▓▓▓▓▓▓▓▓▓▓▓
▓..8©8..▓ ▓..)="..▓
▓..)c)..▓ ▓..c.c..▓
▓..c@cc.▓ ▓.......▓
▓...§...▓ ▓.......▓
▓...©...▓ ▓▓▓▓▓▓▓▓▓


You could see 3 yaktaurs and 3 centaurs.

Vanquished Creatures
  A two-headed ogre (D)
  Sigmund (D)
  A hell hound (D)
  A floating eye (D)
  2 ice beasts (D)
  2 ogres (D)
  Blork the orc (D)
  Dowan (D)
  A jelly (D)
  Crazy Yiuf (D)
  An iron imp (D)
  Jessica (D)
  A white imp (D)
  A ball python skeleton (D)
  A bat simulacrum (D)
  A quokka simulacrum (D)
18 creatures vanquished.

Notes
Turn   | Place    | Note
-------+----------+-------------------------------------------
     0 | D        | Revguard the Demonspawn Gladiator began the quest for the
                  | Orb.
     0 | D        | Reached XP level 1. HP: 16/16 MP: 1/1
     0 | D        | Found a shimmering blue altar of Sif Muna.
     0 | D        | Found a bloodstained altar of Trog.
     0 | D        | Found a sacrificial altar of Ru.
     0 | D        | Found a stormy altar of Qazlal.
     0 | D        | Found an iron altar of Okawaru.
     1 | D        | Found a sparkling altar of Nemelex Xobeh.
     1 | D        | Found a blossoming altar of Fedhas.
     1 | D        | Found the +6 Majin-Bo {vamp, MP+6 Int+6}
     1 | D        | Found the +9 heavy crossbow "Sniper" {vorpal, Acc+∞ SInv}
     1 | D        | Found the +10 dark maul {vorpal}
     1 | D        | Found the +15 Maxwell's patent armour {-Cast -Tele rElec
                  | Will+ rCorr}
     1 | D        | Found the +18 shield of the Gong {rElec rN+ Will+ EV-5}
     1 | D        | Found the +14 obsidian axe {vorpal, Mesm Drain Fly SInv}
     1 | D        | Found the +7 great mace "Firestarter" {inner flame, rF++}
     1 | D        | Found the +6 shillelagh "Devastator" {shatter}
     1 | D        | Found the +11 plutonium sword {Contam Stlth-}
     1 | D        | Found the +8 lance "Wyrmbane" {slay drac, rPois rF+ rC+
                  | AC+3}
     1 | D        | Found the +9 sword of Zonguldrok {reap}
     1 | D        | Found the +13 scythe of Curses {drain, Drain}
     1 | D        | Found the +5 sword of Power {vorpal}
     1 | D        | Found the +7 mace of Variability {chain chaos}
     1 | D        | Found the +7 Singing Sword {vorpal, sonic wave}
     1 | D        | Found the +8 storm bow {elec, penet}
     3 | D        | Found a transporter.
     3 | D        | Found an ancient bone altar of Kikubaaqudgha.
     3 | D        | Found a viscous altar of Jiyva.
     3 | D        | Found a corrupted altar of Lugonu.
     3 | D        | Found a hazy altar of Hepliaklqana.
     3 | D        | Found a burning altar of Makhleb.
     3 | D        | Found an opulent altar of Gozag.
   123 | D        | Became a worshipper of Uskayaw the Reveller
   124 | D        | Reached skill level 3 in Invocations
   124 | D        | Gained mutation: You have large cloven feet. [demonic
                  | ancestry]
   124 | D        | Reached XP level 2. HP: 24/24 MP: 1/5
   169 | D        | Entered arena 2.
   169 | D        | Noticed a floating eye
   169 | D        | Found a transporter.
   171 | D        | Paralysed by a floating eye for 2 turns
   171 | D        | Reached * piety under Uskayaw
   173 | D        | Killed a floating eye
   174 | D        | Reached skill level 4 in Invocations
   174 | D        | Gained mutation: You are partially covered in icy blue
                  | scales. (AC +2) [demonic ancestry]
   174 | D        | Reached XP level 3. HP: 31/31 MP: 5/7
   174 | D        | Gained mutation: You may rarely emit foul miasma when
                  | damaged in melee. [demonic ancestry]
   174 | D        | Reached XP level 4. HP: 38/38 MP: 5/8
   174 | D        | Reached ** piety under Uskayaw
   175 | D        | Reached *** piety under Uskayaw
   176 | D        | Reached skill level 5 in Invocations
   176 | D        | Reached XP level 5. HP: 40/43 MP: 5/10
   216 | D        | Entered arena 3.
   216 | D        | Noticed an ogre
   216 | D        | Noticed a two-headed ogre
   216 | D        | Noticed an ogre
   216 | D        | Found a transporter.
   230 | D        | Killed an ogre
   231 | D        | Reached skill level 5 in Fighting
   231 | D        | Reached skill level 5 in Long Blades
   231 | D        | Reached skill level 5 in Dodging
   231 | D        | Reached skill level 1 in Necromancy
   236 | D        | Killed a two-headed ogre
   237 | D        | Reached skill level 5 in Armour
   237 | D        | Reached skill level 5 in Spellcasting
   237 | D        | Reached skill level 7 in Invocations
   237 | D        | Reached skill level 5 in Evocations
   237 | D        | Gained mutation: You have hoof-like feet. [demonic
                  | ancestry]
   237 | D        | Reached XP level 6. HP: 30/53 MP: 7/14
   237 | D        | Gained mutation: You are partially covered in sharp spines.
                  | [demonic ancestry]
   237 | D        | Reached XP level 7. HP: 34/59 MP: 7/15
   237 | D        | Reached **** piety under Uskayaw
   239 | D        | Reached skill level 8 in Invocations
   383 | D        | Entered arena 4.
   383 | D        | Found a transporter.
   389 | D        | Reached skill level 5 in Necromancy
   389 | D        | Reached XP level 8. HP: 65/65 MP: 16/16
   395 | D        | Entered arena 5.
   395 | D        | Found a transporter.
   405 | D        | Got the Papyrus of Battle Magic and Stones
   501 | D        | Entered arena 6.
   501 | D        | Noticed Sigmund
   501 | D        | Noticed Jessica
   501 | D        | Noticed Blork the orc
   501 | D        | Noticed Crazy Yiuf
   501 | D        | Noticed Dowan
   501 | D        | Found a transporter.
   503 | D        | Killed Crazy Yiuf
   506 | D        | Killed Dowan
   506 | D        | Killed Jessica
   509 | D        | Killed Blork the orc
   512 | D        | Reached ***** piety under Uskayaw
   513 | D        | Killed Sigmund
   514 | D        | Reached skill level 9 in Invocations
   525 | D        | Entered arena 7.
   525 | D        | Noticed a yaktaur
   525 | D        | Noticed a yaktaur
   525 | D        | Noticed a yaktaur
   526 | D        | Found a transporter.
   528 | D        | HP: 2/67 [yaktaur/bolt (17)]
   528 | D        | Slain by a yaktaur

Illustrated notes

Levels and vault maps discovered:
D:        sprint_v [room_start, room_1, room_2, room_3, room_4, room_5, room_6,
          room_7, room_8, room_9, room_10, room_11, room_12, room_13, room_14,
          room_15, room_16, room_17, room_18, room_19, room_20, room_21,
          room_22, room_23, room_24, room_25, room_26, room_27]

Skill      XL: |  1  2  3  4  5  6  7  8 |
---------------+-------------------------+-----
Fighting       | 3 4 6 7 |  7.3
Long Blades    | 3 4 6 7 |  7.0
Armour         | 2 3 5 6 |  6.3
Dodging        | 3 4 6 7 |  7.0
Spellcasting   | 2 3 5 6 |  6.4
Invocations    | 3 4 5 7 8 9 |  9.0
Evocations     | 2 3 5 6 |  6.7
Necromancy     | 4 5 |  5.8
Throwing       | |  1.7

Action                   |  1- 3 |  4- 6 |  7- 9 || total
-------------------------+-------+-------+-------++-------
Melee: Great sword       |     2 |     9 |    20 ||    31
       Kick              |     1 |     2 |     3 ||     6
Throw: Throwing net      |       |     1 |       ||     1
Invok: Line Pass         |       |     1 |       ||     1
  Use: Potion            |     1 |     4 |       ||     5
       Scroll            |       |     1 |     1 ||     2
 Stab: Paralysed         |       |     1 |     4 ||     5
Armor: Gold dragon scale |     5 |     2 |    23 ||    30
Dodge: Dodged            |       |     7 |    13 ||    20
